 Dungeon Crawl Stone Soup version 0.29-a0-901-g46a8461d6a (webtiles) character file.

Game seed: 8664877869259251209

60 gruber the Shooter (level 3, 0/30 HPs)
             Began as a Minotaur Hunter on July 23, 2022.
             Slain by Terence
             ... wielding a +1 falchion of holy wrath
              (1 damage)
             ... on level 2 of the Dungeon.
             The game lasted 00:01:25 (1301 turns).

gruber the Shooter (Minotaur Hunter)                Turns: 1301, Time: 00:01:26

Health: 0/30       AC:  4    Str: 15    XL:     3   Next: 80%
Magic:  2/2        EV:  9    Int:  6    God:
Gold:   65         SH:  0    Dex: 15    Spells: 2/2 levels left

rFire   . . .      SeeInvis .   a - +0 shortbow
rCold   . . .      Faith    .   (shield currently unavailable)
rNeg    . . .      Spirit   .   c - +0 leather armour
rPois   .          Reflect  .   (helmet restricted)
rElec   .          Harm     .   (no cloak)
rCorr   .          Rampage  .   k - +0 pair of gloves
Will    .....                   (no boots)
Stlth   +.........              (no amulet)
HPRegen 0.10/turn               (no ring)
MPRegen 0.08/turn               (no ring)

@: mighty, attractive, constricted
A: horns 2, retaliatory headbutt
a: no special abilities


You were on level 2 of the Dungeon.
You visited 1 branch of the dungeon, and saw 2 of its levels.

You collected 65 gold pieces.

Inventory:

Hand Weapons
 a - a +0 shortbow (weapon)
Missiles
 l - 3 javelins
 m - 4 silver javelins
Armour
 c - a +0 leather armour (worn)
 k - a +0 pair of gloves (worn)
Scrolls
 b - a scroll of immolation
 f - a scroll of summoning {unknown}
 h - a scroll of magic mapping {unknown}
 i - 6 scrolls of identify {unknown}
 j - 3 scrolls of amnesia {unknown}
Potions
 g - a potion of heal wounds {unknown}
 n - a potion of curing {unknown}


   Skills:
 - Level 2.4 Fighting
 * Level 6.0 Ranged Weapons
 - Level 2.1 Dodging
 - Level 0.7 Stealth


You had 2 spell levels left.
You didn't know any spells.
Your spell library was empty.

Dungeon Overview and Level Annotations

Branches:
Dungeon (2/15)

Altars:

Annotations:
D:2 Terence


Innate Abilities, Weirdness & Mutations

You have a pair of horns on your head.
You reflexively headbutt those who attack you in melee.


Message History

Terence is wielding a +1 falchion of holy wrath.
The hobgoblin shouts!
Terence shouts!
Unknown command.
Terence attacks as you move away!
Terence hits you with a +1 falchion of holy wrath.
Terence attacks as you move away! Terence barely misses you.
You shoot an arrow. The arrow barely misses Terence.
Terence hits you with a +1 falchion of holy wrath!
You shoot an arrow. The arrow hits Terence.
Terence is lightly wounded.
Terence hits you with a +1 falchion of holy wrath!
Terence barely misses you.
You are too injured to fight recklessly!
You are too injured to fight recklessly!
Unknown command.
Unknown command.
Fire: a) +0 shortbow
Press: ? - help, Q - select action, (/) - cycle Shift-Dir - straight line, f/p - Terence
Aim: Terence, wielding a +1 falchion of holy wrath and wearing a +0 chain mail (lightly wounded, 70% to hit)
You shoot an arrow.
The arrow hits Terence but does no damage.
Terence is lightly wounded.
A ball python comes into view.
The ball python closely misses you. The ball python misses you.
Terence closely misses you. You furiously retaliate!
You headbutt Terence, but do no damage.
Unknown command.
It was a potion of attraction.
You feel attractive to monsters. The ball python closely misses you.
The ball python grabs you. The ball python constricts you.
Terence hits you with a +1 falchion of holy wrath!
* * * LOW HITPOINT WARNING * * *
It was a potion of might.
You feel very mighty all of a sudden. The ball python bites you.
* * * LOW HITPOINT WARNING * * *
The ball python constricts you.
Terence hits you with a +1 falchion of holy wrath.
You die...

.....)....#†..
.#
.......####.###
####.# #......#
#.. ....#
##...... #..
#..# ...##.#
#..# #..# # ..#
#..#####.
#........
#.####.#######
#..@@g.#
##S##..# ##
...... #######


You could see Terence, a hobgoblin and a ball python.

Vanquished Creatures
  An adder (D:2)
  A worm (D:2)
  3 dart slugs (D:1)
  3 endoplasms
  4 goblins (D:1)
  3 hobgoblins
  2 jackals (D:1)
  5 kobolds
  6 quokkas
  5 ball pythons
  3 bats (D:1)
  A frilled lizard (D:1)
  2 rats
39 creatures vanquished.

Notes
Turn   | Place    | Note
-------+----------+-------------------------------------------
     0 | D:1      | gruber the Minotaur Hunter began the quest for the Orb.
     0 | D:1      | Reached XP level 1. HP: 18/18 MP: 0/0
   142 | D:1      | Reached XP level 2. HP: 25/25 MP: 1/1
   173 | D:1      | Reached skill level 5 in Ranged Weapons
   329 | D:1      | Found a faded altar of an unknown god.
   599 | D:1      | Reached XP level 3. HP: 30/30 MP: 2/2
  1263 | D:2      | Reached skill level 6 in Ranged Weapons
  1291 | D:2      | Noticed Terence
  1301 | D:2      | HP: 1/30 [ball python (1)]
  1301 | D:2      | Slain by Terence

Illustrated notes

Levels and vault maps discovered:
D:1:      dpeg_chamrin_arrival_tetris, layout_basic, basic_ecumenical_altar
D:2:      wander_river, layout_loops_ring, kennysheep_nondescript, uniq_natasha,
          uniq_terence

Skill      XL: |  1  2  3 |
---------------+----------+-----
Ranged Weapons | 5 6 |  6.0
Fighting       | |  2.4
Dodging        | |  2.1
Stealth        | |  0.7

Action                   || total
-------------------------++-------
 Fire: Shortbow          ||    84
  Use: Potion            ||     2
Armor: Leather armour    ||     3
Dodge: Dodged            ||    21

Table legend: (Time is in decaauts)
 A = Elapsed time spent in this place.
 B = Non-inter-level travel time spent in this place.
 C = Inter-level travel time spent in this place.
 D = Time resting spent in this place.
 E = Time spent auto-exploring this place.
 F = Levels seen in this place.
 G = Mean time per level.
                   A        B        C        D        E       F      G
               +--------+--------+--------+--------+--------+-----+--------+
         Total |   1344 |   1210 |    134 |      0 |   1032 |   2 |  672.0 |
       Dungeon |   1344 |   1210 |    134 |      0 |   1032 |   2 |  672.0 |
               +--------+--------+--------+--------+--------+-----+--------+

Top non-repeatable levels by time:
     D:1: 1118 daAuts
     D:2: 226 daAuts
